 Dungeon Crawl Stone Soup version 0.29-a0-732-g3d7fbe0af2 (webtiles) character file.

Game seed: 14239713530791585466

8141 DuloT34 the Fighter (level 10, -3/97 HPs)
             Began as a Demigod Ice Elementalist on June 29, 2022.
             Slain by a seven-headed hydra (11 damage)
             ... on level 1 of the Lair of Beasts.
             The game lasted 00:28:50 (13163 turns).

DuloT34 the Fighter (Demigod Ice Elementalist)     Turns: 13163, Time: 00:28:52

Health: -3/97      AC: 26    Str: 13    XL:     10   Next: 78%
Magic:  17/23      EV: 14    Int: 29    God:
Gold:   553        SH:  0    Dex: 14    Spells: 8/21 levels left

rFire   . . .      SeeInvis .   v - +0 flail (protect)
rCold   . . .      Faith    .   (no shield)
rNeg    . . .      Spirit   .   J - +0 steam dragon scales
rPois   +          Reflect  .   (no helmet)
rElec   +          Harm     .   (no cloak)
rCorr   .          Rampage  .   (no gloves)
Will    +....                   p - +1 pair of boots
Stlth   ++........              B - amulet "Itrupre" {rElec rPois rC- Regen+ Str+4}
HPRegen 1.06/turn               m - ring of protection from cold
MPRegen 0.18/turn               r - +4 ring of protection

@: ice-armoured, under a protective aura
A: high MP 1, forlorn, divine attributes
a: no special abilities


You were on level 1 of the Lair of Beasts.
You visited 2 branches of the dungeon, and saw 11 of its levels.

You collected 663 gold pieces.
You spent 110 gold pieces at shops.

Inventory:

Hand Weapons
 e - a +0 dagger of venom
 q - a +1 falchion of freezing
 v - a +0 flail of protection (weapon)
Missiles
 K - 2 curare-tipped darts
Armour
 a - a +0 robe
 f - the +3 tower shield "Tiaveapt" {Contam rElec rCorr Stlth+}
   (You found it on level 3 of the Dungeon)

   rElec:     It insulates you from electricity.
   Contam:    It causes magical contamination when unequipped.
   rCorr:     It protects you from acid and corrosion.
   Stlth:     It makes you more stealthy.
 p - a +1 pair of boots (worn)
 J - +0 steam dragon scales (worn)
Magical Staves
 G - a staff of cold
Jewellery
 l - a ring of willpower
 m - a ring of protection from cold (left hand)
 n - a +6 ring of dexterity
 r - a +4 ring of protection (right hand)
 B - the amulet "Itrupre" (around neck) {rElec rPois rC- Regen+ Str+4}
   (You found it on level 6 of the Dungeon)

   [amulet of regeneration]

   Str:       It affects your strength (+4).
   rC:        It makes you vulnerable to cold.
   rElec:     It insulates you from electricity.
   rPois:     It protects you from poison.
   Regen:     It increases your rate of health regeneration.
 I - a +6 ring of strength
Wands
 C - a wand of quicksilver (11)
 D - a wand of flame (25)
 E - a wand of paralysis (5)
 H - a wand of polymorph (4)
 L - a wand of iceblast (3)
Scrolls
 o - 2 scrolls of teleportation
 w - a scroll of enchant weapon
 y - 3 scrolls of vulnerability
 A - a scroll of amnesia
 F - a scroll of blinking
 M - a scroll of torment {unknown}
 N - a scroll of identify
Potions
 b - 2 potions of magic
 c - 3 potions of lignification
 d - 2 potions of heal wounds
 g - a potion of degeneration {unknown}
 h - 2 potions of curing
 i - 3 potions of flight
 j - 2 potions of resistance {unknown}
 k - a potion of might {unknown}
 s - 3 potions of brilliance
 t - a potion of cancellation {unknown}
 u - a potion of attraction {unknown}
 x - 3 potions of invisibility {unknown}
 z - a potion of haste {unknown}


   Skills:
 - Level 12.1 Fighting
 - Level 5.0 Dodging
 - Level 1.7 Stealth
 + Level 6.4 Spellcasting
 + Level 0.6 Fire Magic
 + Level 6.7 Ice Magic


You had 8 spell levels left.
You knew the following spells:

 Your Spells              Type           Power      Damage    Failure   Level
a - Freeze                Ice            100%       1d11      1%          1
b - Frozen Ramparts       Ice            96%        1d11      1%          3
c - Ozocubu's Armour      Ice            48%        N/A       1%          3
d - Scorch                Fire           24%        2d6       6%          2
e - Flame Wave            Conj/Fire      11%        2d5       43%         4

Your spell library contained the following spells:

 Spells                   Type           Power      Damage    Failure   Level
 Ensorcelled Hibernation  Hex/Ice        56%        N/A       1%          2
 Passwall                 Tmut/Erth      7%         N/A       9%          2
 Hailstorm                Conj/Ice       28%        3d8       14%         4
 Spider Form              Tmut/Pois      9%         N/A       16%         3
 Swiftness                Air            9%         N/A       16%         3
 Animate Armour           Summ/Erth      18%        N/A       47%         4
 Corpse Rot               Necr/Pois/Air  9%         N/A       47%         4
 Dispel Undead            Necr           9%         3d8       47%         4
 Borgnjor's Vile Clutch   Necr/Erth      4%         N/A       83%         5
 Lee's Rapid Deconstruct  Erth           4%         3d6*      83%         5
 Death Channel            Necr           4%         N/A       100%        6
 Summon Cactus Giant      Summ           4%         N/A       100%        6


Dungeon Overview and Level Annotations

Branches:
Dungeon (10/15)            Temple (0/1) D:6            Lair (1/6) D:10
    Orc (0/2) D:10

Shops:
D:3 !   D:4 *   D:8 *


Innate Abilities, Weirdness & Mutations

You have an increased reservoir of magic. (+10% MP)
You shall have no god before yourself.
Your divine heritage dramatically boosts your attributes as you level up.


Message History

You feel much better.
The seven-headed hydra bites you but does no damage. x2
The seven-headed hydra bites you. The seven-headed hydra misses you. x2
The seven-headed hydra bites you!
The seven-headed hydra bites you but does no damage.
Casting: Ozocubu's Armour (safe; 1% risk of failure)
Confirm with . or Enter, or press ? or * to list all spells.
Flames lash the seven-headed hydra.
The seven-headed hydra is lightly wounded.
The seven-headed hydra's fire resistance burns away.
The seven-headed hydra bites you but does no damage. x2
The seven-headed hydra bites you.
The seven-headed hydra completely misses you. x2
The seven-headed hydra bites you but does no damage. x2
Casting: Scorch (safe; 6% risk of failure)
Confirm with . or Enter, or press ? or * to list all spells.
Flames lash the seven-headed hydra.
The seven-headed hydra is burned terribly!
The seven-headed hydra is lightly wounded.
The seven-headed hydra closely misses you.
The seven-headed hydra misses you. The seven-headed hydra bites you!
* * * LOW HITPOINT WARNING * * *
The seven-headed hydra completely misses you.
The seven-headed hydra closely misses you.
The seven-headed hydra bites you.
* * * LOW HITPOINT WARNING * * *
The seven-headed hydra misses you.
You hit the seven-headed hydra.
Your weapon exudes an aura of protection.
The seven-headed hydra is moderately wounded.
The seven-headed hydra closely misses you.
The seven-headed hydra bites you.
* * * LOW HITPOINT WARNING * * *
The seven-headed hydra completely misses you.
The seven-headed hydra bites you but does no damage.
The seven-headed hydra bites you!
* * * LOW HITPOINT WARNING * * *
The seven-headed hydra closely misses you.
The seven-headed hydra bites you!
You die...

# ##
###.#.######.##
........†......
.......@.......
........D......
.^.............
#.#.##....####.
# # #....#
#....# ..)..#
#....#


You could see a seven-headed hydra (combustible).

Vanquished Creatures
  A two-headed ogre (D:10)
  A cane toad (Lair:1)
  Prince Ribbit (D:5)
  3 wyverns
  9 yaks
  A wraith (D:10)
  A basilisk (D:10)
  5 vampire mosquitoes (D:10)
  2 steam dragons
  Edmund (D:4)
  Menkaure (D:5)
  6 water moccasins
  6 orc warriors
  A black bear (D:5)
  3 ogres
  3 centaurs
  A phantom (D:6)
  3 bullfrogs
  4 kobold brigands
  3 necrophages
  2 scorpions (D:5)
  A water moccasin zombie (D:5)
  3 killer bees (D:7)
  4 howler monkeys
  A crimson imp (D:8)
  5 orc priests
  2 bullfrog skeletons (D:5)
  4 hounds
  A jelly (D:8)
  6 iguanas
  10 orc wizards
  A killer bee zombie (D:5)
  3 gnolls (D:2)
  5 adders
  A shadow imp (D:8)
  2 dart slugs
  33 orcs
  3 endoplasms
  A giant cockroach (D:4)
  4 hobgoblins
  3 jackals (D:2)
  A quokka (D:5)
  8 ball pythons
  9 bats
  4 frilled lizards
  13 goblins
  20 kobolds
  6 rats (D:1)
212 creatures vanquished.

Vanquished Creatures (others)
  4 bushes (D:10)
  A fungus (D:10)
  18 plants (D:10)
  A withered plant (D:5)
24 creatures vanquished.

Grand Total: 236 creatures vanquished

Notes
Turn   | Place    | Note
-------+----------+-------------------------------------------
     0 | D:1      | DuloT34 the Demigod Ice Elementalist began the quest for
                  | the Orb.
     0 | D:1      | Reached XP level 1. HP: 14/14 MP: 5/5
   422 | D:1      | Reached XP level 2. HP: 20/20 MP: 6/8
  1474 | D:2      | Reached XP level 3. HP: 25/26 MP: 6/10
  2526 | D:2      | Reached XP level 4. HP: 33/33 MP: 9/12
  2572 | D:2      | Learned a level 3 spell: Frozen Ramparts
  2576 | D:2      | Learned a level 3 spell: Ozocubu's Armour
  2579 | D:2      | Learned a level 2 spell: Scorch
  2984 | D:3      | Identified the +3 tower shield "Tiaveapt" {Contam rElec
                  | rCorr Stlth+}
  3028 | D:3      | Found Ytaler's Distillery.
  3038 | D:3      | Bought 2 potions of heal wounds for 110 gold pieces
  3561 | D:4      | Reached skill level 1 in Fighting
  3564 | D:4      | Reached XP level 5. HP: 39/41 MP: 4/14
  3573 | D:4      | Reached skill level 2 in Fighting
  3683 | D:4      | Found Femuageli's Fire Supplies.
  3692 | D:4      | Noticed an ogre
  3856 | D:4      | HP: 2/44 [ogre/+0 giant club (32)]
  3857 | D:4      | Killed an ogre
  3858 | D:4      | Reached skill level 3 in Fighting
  4156 | D:4      | Reached XP level 6. HP: 50/51 MP: 11/15
  4803 | D:5      | Entered Level 5 of the Dungeon
  4803 | D:5      | Noticed Menkaure
  4807 | D:5      | Killed Menkaure
  4808 | D:5      | Reached skill level 4 in Fighting
  4832 | D:5      | Reached skill level 5 in Fighting
  5174 | D:5      | Reached XP level 7. HP: 62/62 MP: 6/16
  5176 | D:5      | Reached skill level 6 in Fighting
  5318 | D:5      | Noticed Edmund
  5325 | D:5      | Noticed Prince Ribbit
  5346 | D:4      | Killed Edmund
  5506 | D:5      | Killed Prince Ribbit
  6118 | D:5      | Reached skill level 5 in Dodging
  6121 | D:5      | Reached XP level 8. HP: 70/70 MP: 11/17
  6506 | D:5      | Reached skill level 7 in Fighting
  7289 | D:6      | Reached skill level 8 in Fighting
  7561 | D:6      | Identified the amulet "Itrupre" {rElec rPois rC- Regen+
                  | Str+4}
  7817 | D:6      | Found a staircase to the Ecumenical Temple.
  8309 | D:7      | Reached skill level 9 in Fighting
  8697 | D:7      | Reached XP level 9. HP: 66/83 MP: 4/18
  9202 | D:8      | Reached skill level 10 in Fighting
  9595 | D:8      | Found Hickent's Assorted Antiques.
 10052 | D:8      | Reached skill level 11 in Fighting
 11247 | D:9      | Got Sif Muna's Catalogue of Stones and Poisoning
 11519 | D:10     | Entered Level 10 of the Dungeon
 11552 | D:10     | Noticed a two-headed ogre
 11562 | D:10     | Killed a two-headed ogre
 11563 | D:10     | Reached skill level 12 in Fighting
 11563 | D:10     | Reached XP level 10. HP: 72/97 MP: 2/19
 11910 | D:10     | Reached skill level 5 in Ice Magic
 11913 | D:10     | Reached skill level 5 in Spellcasting
 12127 | D:10     | Found a staircase to the Orcish Mines.
 12495 | D:10     | Found a staircase to the Lair.
 12992 | Lair:1   | Entered Level 1 of the Lair of Beasts
 13000 | D:10     | Learned a level 4 spell: Flame Wave
 13006 | Lair:1   | Noticed a seven-headed hydra
 13163 | Lair:1   | Slain by a seven-headed hydra

Illustrated notes

Levels and vault maps discovered:
D:1:      minmay_arrival_glassed_features, layout_loops_corners,
          hellmonk_ecumenical_altar_pennies_from_heaven
D:2:      layout_loops_cross
D:3:      layout_rooms, serial_shops, shop,
          wander_ebering_terrifying_dragon_lair
D:4:      layout_layer_cave, gammafunk_temple_overflow_wave,
          nicolae_shop_fire_sale [nicolae_sub_dead_trees]
D:5:      layout_basic, nicolae_wu_jian_glorious_leap, serial_undead,
          serial_undead_f, serial_undead_e, serial_undead_e, serial_undead_a,
          uniq_edmund, uniq_menkaure, uniq_prince_ribbit1
D:6:      layout_cave_pools, minmay_temple_entry_statues
D:7:      layout_gridville, mainiacjoe_overflow_brackets
D:8:      layout_loops_ring, grunt_temple_overflow_lords_of_destruction,
          cheibrodos_ashenzari_chains, serial_shops, shop_fountains,
          enter_bailey_5
D:9:      layout_irregular_city, old_standard_altar
D:10:     layout_loops_ring, minmay_lair_entry_grove, david_orc_4
Lair:1:   layout_long_grid, special_room [special_room_bee]

Skill      XL: |  1  2  3  4  5  6  7  8  9 10 |
---------------+-------------------------------+-----
Spellcasting   | 2 3 4 6 |  6.4
Fighting       | 1 3 5 6 9 12 | 12.1
Ice Magic      | 4 6 |  6.7
Dodging        | 5 |  5.0
Stealth        | |  1.7
Fire Magic     | |  0.6

Action                   |  1- 3 |  4- 6 |  7- 9 | 10-12 || total
-------------------------+-------+-------+-------+-------++-------
Melee: Unarmed           |     6 |       |       |       ||     6
       Dagger            |    17 |    14 |       |       ||    31
       Falchion          |       |    27 |     7 |       ||    34
       Flail             |       |       |   154 |    93 ||   247
       Punch             |       |       |     4 |     1 ||     5
 Cast: Freeze            |    54 |    21 |    21 |     6 ||   102
       Frozen Ramparts   |       |    10 |    35 |    20 ||    65
       Ozocubu's Armour  |       |     8 |    34 |    15 ||    57
       Scorch            |       |     8 |    59 |    17 ||    84
  Use: Scroll            |     2 |     4 |     6 |     3 ||    15
       Potion            |       |     1 |     1 |     1 ||     3
 Stab: Sleeping          |     2 |       |       |       ||     2
Armor: Robe              |    11 |    21 |   115 |    25 ||   172
       Steam dragon scal |       |       |       |    63 ||    63
Dodge: Dodged            |    42 |    33 |   224 |   147 ||   446

Table legend: (Time is in decaauts)
 A = Elapsed time spent in this place.
 B = Non-inter-level travel time spent in this place.
 C = Inter-level travel time spent in this place.
 D = Time resting spent in this place.
 E = Time spent auto-exploring this place.
 F = Levels seen in this place.
 G = Mean time per level.
                   A        B        C        D        E       F      G
               +--------+--------+--------+--------+--------+-----+--------+
         Total |  13287 |  12900 |    387 |   3450 |   7783 |  11 | 1207.9 |
       Dungeon |  13269 |  12882 |    387 |   3450 |   7783 |  10 | 1326.9 |
          Lair |     17 |     17 |      0 |      0 |      0 |   1 |   17.0 |
               +--------+--------+--------+--------+--------+-----+--------+

Top non-repeatable levels by time:
     D:5: 2171 daAuts
    D:10: 1668 daAuts
     D:2: 1567 daAuts
     D:4: 1443 daAuts
     D:1: 1397 daAuts
     D:8: 1241 daAuts
     D:9: 1186 daAuts
     D:7: 1031 daAuts
     D:6: 1009 daAuts
     D:3: 552 daAuts
  Lair:1: 17 daAuts
